 Dungeon Crawl Stone Soup version 0.21-a0-552-g593960d (webtiles) character file.

38 tidbits the Caller (level 3, -7/25 HPs)
             Began as a Gnoll Summoner on Dec 17, 2017.
             Mangled by a hornet (12 damage)
             ... on level 4 of the Dungeon.
             The game lasted 00:03:35 (515 turns).

tidbits the Caller (Gnoll Summoner)                  Turns: 515, Time: 00:03:36

Health: -7/25      AC:  3    Str: 10    XL:     3   Next: 43%
Magic:  7/9        EV: 14    Int: 18    God:
Gold:   79         SH:  0    Dex: 15    Spells: 8/12 levels left

rFire    . . .     SeeInvis .   a - +0 falchion (drain)
rCold    . . .     Gourm    .   (no shield)
rNeg     . . .     Faith    .   d - +1 robe
rPois    .         Spirit   .   (no helmet)
rElec    .         Reflect  .   (no cloak)
rCorr    .         Harm     .   (no gloves)
MR       .....                  (no boots)
Stlth    +++.......             (no amulet)
HPRegen  0.08/turn              (no ring)
MPRegen  0.11/turn              (no ring)

@: no status effects
A: distributed training, fangs 1, strong nose
a: no special abilities


You were on level 4 of the Dungeon.
You were not hungry.

You visited 1 branch of the dungeon, and saw 5 of its levels.

You collected 79 gold pieces.

Inventory:

Hand Weapons
 a - a +0 falchion of draining (weapon)
   (You found it on level 4 of the Dungeon)
 g - a +0 short sword
 m - a +0 whip
 n - a +0 quarterstaff
Armour
 d - a +1 robe (worn)
Scrolls
 f - 2 scrolls of remove curse {unknown}
 h - 2 scrolls of teleportation {unknown}
 i - a scroll of amnesia {unknown}
 l - a scroll of identify {unknown}
Potions
 e - a potion of magic {unknown}
 j - a potion of flight {unknown}
 k - a potion of curing {unknown}
Books
 b - a book of Callings

   Spells                             Type                      Level
   a - Summon Small Mammal            Summoning                    1
   b - Call Imp                       Summoning                    2
   c - Call Canine Familiar           Summoning                    3
   d - Summon Guardian Golem          Hexes/Summoning              3
   e - Summon Lightning Spire         Summoning/Air                4
   f - Summon Ice Beast               Ice/Summoning                4
Comestibles
 c - 2 bread rations


   Skills:
 + Level 0.7 Fighting
 + Level 0.7 Short Blades
 + Level 0.7 Long Blades
 + Level 0.7 Axes
 + Level 0.7 Maces & Flails
 + Level 0.7 Polearms
 + Level 0.7 Staves
 + Level 0.7 Slings
 + Level 0.7 Bows
 + Level 0.7 Crossbows
 + Level 0.7 Throwing
 + Level 0.7 Armour
 + Level 4.5 Dodging
 + Level 4.1 Stealth
 + Level 0.7 Shields
 + Level 0.7 Unarmed Combat
 + Level 5.0 Spellcasting
 + Level 0.5 Conjurations
 + Level 0.5 Hexes
 + Level 0.5 Charms
 + Level 7.1 Summonings
 + Level 0.5 Necromancy
 + Level 0.5 Translocations
 + Level 0.5 Transmutations
 + Level 0.5 Fire Magic
 + Level 0.5 Ice Magic
 + Level 0.5 Air Magic
 + Level 0.5 Earth Magic
 + Level 0.5 Poison Magic
 + Level 0.9 Invocations
 + Level 0.7 Evocations


You had 8 spell levels left.
You knew the following spells:

 Your Spells              Type           Power        Failure   Level  Hunger
a - Summon Small Mammal   Summ           ####         1%          1    None
c - Call Canine Familiar  Summ           ####....     2%          3    ##.....


Dungeon Overview and Level Annotations

Branches:
Dungeon (5/15)
 Temple: D:4-7

Altars:
Xom


Innate Abilities, Weirdness & Mutations

Your experience applies equally to all skills.
You have very sharp teeth.
Your uncanny sense of smell can sniff out nearby items.


Message History

The bat barely misses you.
You hit the bat. You bite the bat, but do no damage.
The bat is heavily wounded.
The bat closely misses you. x2
The bat closely misses you. The bat misses you.
Your quokka barely misses the bat.
The bat closely misses your quokka. The bat hits your quokka.
Found a stone staircase leading down.
The bat barely misses you.
There is a stone staircase leading down here.
You climb downwards.
Found a glowing falchion.
There is a stone staircase leading up here.
You see here a glowing falchion.
m - a glowing falchion Wield which item (- for none, * to show all)? (? for menu, Esc to quit)
You sense an unholy aura.
m - a +0 falchion of draining (weapon)
Adjust (i)tems, (s)pells, or (a)bilities?
Adjust which item? (? for menu, Esc to quit)
m - a +0 falchion of draining (weapon)
Adjust to which letter? (? for menu, Esc to quit)
a - a +0 falchion of draining (weapon);
m - a +0 whip
There is a stone staircase leading up here.
Found a stone staircase leading up.
Found 12 stones.
A centaur skeleton comes into view.
There is a stone staircase leading up here.
You climb upwards.
There is a stone staircase leading down here.
You climb downwards.
The centaur skeleton hits you but does no damage.
There is a stone staircase leading up here.
Casting: Summon Small Mammal
Confirm with . or Enter, or press ? or * to list all spells.
The centaur skeleton closely misses you.
The centaur skeleton hits you.
Your quokka bites the centaur skeleton.
You hit the centaur skeleton but do no damage.
The centaur skeleton is lightly damaged.
The centaur skeleton hits you!
* * * LOW HITPOINT WARNING * * *
Your quokka bites the centaur skeleton.
The centaur skeleton barely misses you.
You hit the centaur skeleton but do no damage.
The centaur skeleton is moderately damaged.
Your quokka bites the centaur skeleton.
The centaur skeleton hits you.
* * * LOW HITPOINT WARNING * * *
Your quokka bites the centaur skeleton.
The centaur skeleton barely misses you.
You hit the centaur skeleton.
The centaur skeleton is heavily damaged.
Your quokka bites the centaur skeleton.
The centaur skeleton closely misses your quokka.
You hit the centaur skeleton but do no damage.
The centaur skeleton is heavily damaged.
Your quokka bites the centaur skeleton.
The centaur skeleton hits you.
* * * LOW HITPOINT WARNING * * *
Your quokka bites the centaur skeleton.
The centaur skeleton misses your quokka.
You slash the centaur skeleton!
You destroy the centaur skeleton!
Your Spellcasting skill increases to level 5!
You have reached level 3!
Your experience leads to an increase in your attributes!
Increase (S)trength, (I)ntelligence, or (D)exterity?
You feel clever.
Memorise Call Canine Familiar, consuming 3 spell levels and leaving 8?
You start memorising the spell.
You continue memorising. x3
You finish memorising.
Spell assigned to 'b'.
Adjust (i)tems, (s)pells, or (a)bilities?
Adjust which spell? b - Call Canine Familiar Adjust to which letter? c - Call Canine Familiar
Casting: Summon Small Mammal
Confirm with . or Enter, or press ? or * to list all spells.
You swap places.
You found a teleport trap!
Found a quarterstaff.
Found a scroll labeled ZOASSO IZXI.
There are no items here.
You see here a quarterstaff.
n - a quarterstaff
f - 2 scrolls labeled ZOASSO IZXI (gained 1)
Found a stone staircase leading down.
There is a stone staircase leading down here.
You climb downwards.
Your summoned allies are left behind.
There is a stone staircase leading up here.
There is a stone staircase leading up here.
You climb upwards.
There is a stone staircase leading down here.
Found a leather armour.
A dart slug comes into view.
A hornet comes into view.
The hornet buzzes angrily.
The orc shouts!
The hornet moves out of view.
Found a shimmering altar of Xom.
Unknown command.
Casting: Call Canine Familiar
Confirm with . or Enter, or press ? or * to list all spells.
The hornet stings you!
You die...

.# #.# .# #.# ###
≈§§§≈≈# ######.####
#.. ≈.§.≈≈#
###.......# #.#
≈§§§.. ..........#
#.# ..§.≈§
##........# #.#
≈ow.≈ #........#
#.# ≈≈§
##..>....#####.##.#
#............r@y[#
#.......##########
#########


You could see a hornet, a dart slug and a friendly quokka.

Vanquished Creatures
  A centaur skeleton (D:4)
  A leopard gecko (D:2)
  A giant cockroach (D:1)
  A goblin (D:3)
  A hobgoblin (D:3)
  A rat (D:2)
6 creatures vanquished.

Vanquished Creatures (collateral kills)
  A dart slug (D:3)
  2 leopard geckos
  2 goblins
  2 hobgoblins (D:1)
  2 bats
  2 kobolds
  2 rats
13 creatures vanquished.

Vanquished Creatures (others)
  A hound (D:4)
  3 worker ants (D:4)
  An adder (D:4)
5 creatures vanquished.

Grand Total: 24 creatures vanquished

Notes
Turn   | Place    | Note
-------+----------+-------------------------------------------
     0 | D:1      | tidbits the Gnoll Summoner began the quest for the Orb.
     0 | D:1      | Reached XP level 1. HP: 13/13 MP: 6/6
   204 | D:2      | Reached XP level 2. HP: 19/19 MP: 4/7
   470 | D:4      | HP: 1/20 [centaur skeleton (2)]
   471 | D:4      | Reached skill level 5 in Spellcasting
   471 | D:4      | Reached XP level 3. HP: 1/25 MP: 6/9
   476 | D:4      | Learned a level 3 spell: Call Canine Familiar
   494 | D:5      | Entered Level 5 of the Dungeon
   512 | D:4      | Found a shimmering altar of Xom.
   512 | D:4      | Noticed a hornet
   515 | D:4      | Mangled by a hornet

Vault maps used:
D:1:      saegor_arrival_under_anarchy
D:2:      lemuel_crystal_altar
D:3:      marbit_many_paths
D:4:      minmay_opposing_rooms, xom_confusion_cloud, minmay_misc_feat_room
D:5:      kennysheep_little_box, overflow_temple_1_default,
          nicolae_ru_the_path_less_chosen, cheibrodos_ashenzari_chains,
          minmay_temple_entry_large_hall, first_bread, st_stairs_10

Skill      XL: |  1  2 |
---------------+-------+-----
Spellcasting   | 5 |  5.0
Fighting       | |  0.7
Short Blades   | |  0.7
Long Blades    | |  0.7
Axes           | |  0.7
Maces & Flails | |  0.7
Polearms       | |  0.7
Staves         | |  0.7
Slings         | |  0.7
Bows           | |  0.7
Crossbows      | |  0.7
Throwing       | |  0.7
Armour         | |  0.7
Dodging        | |  4.5
Stealth        | |  4.1
Shields        | |  0.7
Unarmed Combat | |  0.7
Conjurations   | |  0.5
Hexes          | |  0.5
Charms         | |  0.5
Summonings     | |  7.1
Necromancy     | |  0.5
Translocations | |  0.5
Transmutations | |  0.5
Fire Magic     | |  0.5
Ice Magic      | |  0.5
Air Magic      | |  0.5
Earth Magic    | |  0.5
Poison Magic   | |  0.5
Invocations    | |  0.9
Evocations     | |  0.7

Action                   || total
-------------------------++-------
Melee: Whip              ||    28
       Bite              ||     6
       Falchion          ||     5
 Cast: Summon Small Mamm ||    18
       Call Canine Famil ||     1
  Use: Scroll            ||     1
 Stab: Distracted        ||     2
       Sleeping          ||     3
Armor: Robe              ||     9
Dodge: Dodged            ||    34

Table legend:
 A = Spawn XP
 B = Non-spawn XP
 C = Spawn XP percentage of total XP
 D = Spawn monster count
 E = Non-spawn monster count
 F = Spawn count percentage of total count
 G = Total turns spent on level
                    A         B        C        D         E        F      G
               +---------+---------+-------+---------+---------+-------+---------
         Total |       0 |      55 |   0.0 |       0 |      19 |   0.0 |   515
               +---------+---------+-------+---------+---------+-------+---------
           D:1 |       0 |       8 |   0.0 |       0 |       7 |   0.0 |   128
           D:2 |       0 |       7 |   0.0 |       0 |       5 |   0.0 |   193
           D:3 |       0 |      12 |   0.0 |       0 |       6 |   0.0 |   127
           D:4 |       0 |      28 |   0.0 |       0 |       1 |   0.0 |    61
               +---------+---------+-------+---------+---------+-------+---------

Table legend:
 A = Turns spent in this place as a percentage of turns spent in the entire game.
 B = Non-inter-level travel turns spent in this place as a percentage of non-inter-level travel turns spent in the entire game.
 C = Inter-level travel turns spent in this place as a percentage of turns spent in this place.
 D = Turns resting spent in this place as a percentage of non-inter-level travel turns spent in this place.
 E = Turns spent auto-exploring this place as a percentage of non-inter-level travel turns spent in this place.
 F = Non-inter-level travel turns spent in this place divided by the number of levels of this place that you've seen.
                   A       B       C       D       E      F
               +-------+-------+-------+-------+-------+----------------------
         Total | 100.0 | 100.0 |   0.0 |   0.0 |   0.0 | 103.0
       Dungeon | 100.0 | 100.0 |   0.0 |   0.0 |   0.0 | 103.0
               +-------+-------+-------+-------+-------+----------------------

Table legend:
 A = Kills in this place as a percentage of kills in entire the game.
 B = Kills by you in this place as a percentage of kills by you in the entire game.
 C = Kills by friends in this place as a percentage of kills by friends in the entire game.
 D = Other kills in this place as a percentage of other kills in the entire game.
 E = Experience gained in this place as a percentage of experience gained in the entire game.
 F = Experience gained in this place divided by the number of levels of this place that you have seen.
                   A       B       C       D       E      F
               +-------+-------+-------+-------+-------+----------------------
         Total | 100.0 | 100.0 | 100.0 |   N/A | 100.0 |  11.0
       Dungeon | 100.0 | 100.0 | 100.0 |   N/A | 100.0 |  11.0
               +-------+-------+-------+-------+-------+----------------------

Vault maps used:
D:1:      saegor_arrival_under_anarchy
D:2:      lemuel_crystal_altar
D:3:      marbit_many_paths
D:4:      minmay_opposing_rooms, xom_confusion_cloud, minmay_misc_feat_room
D:5:      kennysheep_little_box, overflow_temple_1_default,
          nicolae_ru_the_path_less_chosen, cheibrodos_ashenzari_chains,
          minmay_temple_entry_large_hall, first_bread, st_stairs_10
